 Dungeon Crawl Stone Soup version 0.27.1-3-gb3d3a73c9e (webtiles) character file.

Game seed: 11464541415973796717

1472 Crownlay the Geomancer (level 8, 0/41 HPs)
             Began as a Gargoyle Earth Elementalist on Oct 30, 2021.
             Killed from afar by a steam dragon (20 damage)
             ... with a ball of steam
             ... on level 6 of the Dungeon.
             The game lasted 00:08:38 (5194 turns).

Crownlay the Geomancer (GrEE)                       Turns: 5194, Time: 00:08:39

Health: 0/41       AC:  8    Str: 12    XL:     8   Next: 78%
Magic:  11/16      EV: 12    Int: 18    God:
Gold:   306        SH:  5    Dex: 16    Spells: 14/18 levels left

rFire    . . .     SeeInvis .   s - +2 dagger (venom)
rCold    . . .     Faith    .   h - +0 buckler
rNeg     + . .     Spirit   .   b - +0 robe
rPois    ∞         Reflect  .   g - +0 helmet
rElec    +         Harm     .   (no cloak)
rCorr    .         Rampage  .   (no gloves)
Will     +....                  (no boots)
Stlth    ++........             (no amulet)
HPRegen  0.13/turn              e - ring of willpower
MPRegen  0.15/turn              v - +6 ring of dexterity

@: no status effects
A: sickness immunity, AC +5, negative energy resistance 1, electricity
resistance, torment resistance 1, petrification resistance
a: no special abilities


You were on level 6 of the Dungeon.
You visited 1 branch of the dungeon, and saw 6 of its levels.

You collected 306 gold pieces.

Inventory:

Hand Weapons
 s - a +2 dagger of venom (weapon)
Missiles
 c - 29 stones
 i - 8 atropa-tipped darts
Armour
 b - a +0 robe (worn)
 g - a +0 helmet (worn)
 h - a +0 buckler (worn)
Jewellery
 e - a ring of willpower (left hand)
 v - a +6 ring of dexterity (right hand)
Wands
 w - a wand of digging (6)
Scrolls
 f - a scroll of torment {unknown}
 j - a scroll of teleportation {unknown}
 l - 4 scrolls of identify
 m - a scroll of enchant armour {unknown}
 n - a scroll of acquirement {unknown}
 o - a scroll of summoning {unknown}
 p - a scroll of vulnerability {unknown}
 u - a scroll of noise {unknown}
Potions
 a - 2 potions of heal wounds
 d - 2 potions of attraction
 k - 2 potions of curing
 q - a potion of invisibility
 r - a potion of degeneration {unknown}
 t - a potion of cancellation {unknown}


   Skills:
 - Level 1.5 Dodging
 - Level 2.1 Stealth
 - Level 4.0 Shields
 + Level 5.8 Spellcasting
 - Level 0.7 Transmutations
 - Level 10.0 Earth Magic


You had 14 spell levels left.
You knew the following spells:

 Your Spells              Type           Power      Damage    Failure   Level
a - Sandblast             Erth           82%        2d17      1%          1
b - Stone Arrow           Conj/Erth      46%        3d9       4%          3

Your spell library contained the following spells:

 Spells                   Type           Power      Damage    Failure   Level
 Passwall                 Tmut/Erth      20%        N/A       1%          2
 Corona                   Hex            5%         N/A       12%         1
 Petrify                  Tmut/Erth      24%        N/A       14%         4
 Ensorcelled Hibernation  Hex/Ice        10%        N/A       19%         2
 Spider Form              Tmut/Pois      3%         N/A       32%         3
 Tukima's Dance           Hex            5%         N/A       36%         3
 Shadow Creatures         Summ           N/A        N/A       100%        6


Dungeon Overview and Level Annotations

Branches:
Dungeon (6/15)
 Temple: D:4-7

Altars:
Uskayaw
Zin
Beogh

Shops:
D:5 (

Annotations:
D:6 1 runed translucent door, diceflayer's ghost, novice MiFi


Innate Abilities, Weirdness & Mutations

You are immune to sickness and miasma.
Your stone body is resilient. (AC +5)
You are immune to poison.
You resist negative energy. (rN+)
You are resistant to electric shocks. (rElec)
You are resistant to unholy torment.
You are immune to petrification.


Message History

You open the door.
There is an open door here.
Diceflayer's ghost turns its malevolent gaze towards you.
There is an escape hatch in the ceiling here.
Diceflayer's ghost wails, "I have seen your future, and it is all used up."
Diceflayer's ghost whispers, "Trust me.
Just give in."
Found 8 gold pieces.
You now have 306 gold pieces (gained 8).
Found a stone staircase leading up.
Found an escape hatch in the floor.
A centaur comes into view.
The centaur shouts!
You hear an angry hiss.
The centaur wields a +1 shortbow of freezing.
It is covered in frost.
The centaur shoots an arrow.
The arrow hits you. The arrow freezes you.
A steam dragon comes into view.
The centaur shoots an arrow.
The arrow hits you. The arrow freezes you.
The blast of sand hits the steam dragon!
The steam dragon is moderately wounded.
The steam dragon bites you.
The steam dragon claws you but does no damage.
The blast of sand hits the steam dragon.
The steam dragon is moderately wounded.
The steam dragon bites you but does no damage.
The steam dragon completely misses you.
The blast of sand hits the steam dragon!
The steam dragon is heavily wounded.
The steam dragon barely misses you. x2
The blast of sand hits the steam dragon!
The steam dragon is severely wounded.
The steam dragon bites you. The steam dragon barely misses you.
The blast of sand hits the steam dragon but does no damage.
The steam dragon is severely wounded.
The steam dragon breathes steam at you. The ball of steam misses you.
The blast of sand misses the steam dragon.
You are engulfed in a cloud of scalding steam.
The steam dragon breathes steam at you. The ball of steam hits you!!
You die...

..# #+# ###.####
..# ##...# #.# ..#
#.....#####.####
.#.
...............#
....
........###....##
.....
........+.......#
....##
........####...###
......D.#........#
#@#.###..#.#
#.§>...<.#.#
###§####.#.#
#........#
######.### #.# #.#
#.# #.#


You could see a steam dragon (catching breath).

Vanquished Creatures
  Pikel (D:5)
  2 sky beasts
  A black bear (D:4)
  3 ogres
  A centaur (D:5)
  A hound (D:5)
  A centaur skeleton (D:6)
  An orc priest (D:5)
  An iguana (D:4)
  2 orc wizards
  9 gnolls
  6 adders
  An adder skeleton (D:4)
  A worm (D:3)
  4 dart slugs
  5 orcs
  8 ball pythons
  5 bats
  10 endoplasms
  3 giant cockroaches
  6 goblins
  4 hobgoblins
  3 jackals (D:1)
  5 kobolds
  5 quokkas
  5 frilled lizards
  6 rats
100 creatures vanquished.

Notes
Turn   | Place    | Note
-------+----------+-------------------------------------------
     0 | D:1      | Crownlay the Gargoyle Earth Elementalist began the quest
                  | for the Orb.
     0 | D:1      | Reached XP level 1. HP: 10/10 MP: 3/3
   180 | D:1      | Reached XP level 2. HP: 9/15 MP: 0/5
   354 | D:1      | Reached skill level 4 in Earth Magic
   661 | D:1      | Reached XP level 3. HP: 18/19 MP: 7/7
   748 | D:1      | Found a faded altar of an unknown god.
   923 | D:1      | Learned a level 3 spell: Stone Arrow
  1533 | D:2      | Reached skill level 1 in Shields
  1992 | D:2      | Reached XP level 4. HP: 24/24 MP: 5/8
  2467 | D:3      | Noticed a sky beast
  2476 | D:3      | Killed a sky beast
  2477 | D:3      | Reached XP level 5. HP: 19/28 MP: 0/9
  2849 | D:3      | Reached skill level 5 in Earth Magic
  2849 | D:3      | Reached XP level 6. HP: 32/32 MP: 6/11
  3029 | D:3      | Found a hide-covered altar of Uskayaw.
  3105 | D:3      | Found a glowing silver altar of Zin.
  3413 | D:4      | Reached skill level 6 in Earth Magic
  3619 | D:4      | Noticed a black bear
  3626 | D:4      | Killed a black bear
  3627 | D:4      | Reached XP level 7. HP: 30/36 MP: 8/13
  4155 | D:5      | Entered Level 5 of the Dungeon
  4169 | D:5      | Reached skill level 7 in Earth Magic
  4411 | D:5      | Reached skill level 8 in Earth Magic
  4574 | D:5      | Reached XP level 8. HP: 41/41 MP: 12/15
  4629 | D:5      | Found Vytsekut's Weapon Shop.
  4752 | D:5      | Noticed Pikel
  4758 | D:5      | Killed Pikel
  4759 | D:5      | Reached skill level 5 in Spellcasting
  4759 | D:5      | Reached skill level 9 in Earth Magic
  4984 | D:6      | Noticed diceflayer's ghost (novice MiFi)
  4987 | D:6      | Found a runed translucent door.
  5034 | D:6      | Reached skill level 10 in Earth Magic
  5194 | D:6      | Killed from afar by a steam dragon

Illustrated notes

Levels and vault maps discovered:
D:1:      minmay_arrival_stair_chambers, layout_basic,
          hellmonk_ecumenical_altar_defaced_shrine
D:2:      layout_rooms, amcnicky_mini_rare_corridor_liquid, kennysheep_potato
D:3:      layout_basic, mainiacjoe_overflow_brackets,
          mainiacjoe_overflow_alcove_2
D:4:      layout_rooms
D:5:      layout_gridville, serial_shops, nicolae_lakefront_shop, uniq_pikel
D:6:      layout_loops_corners, nicolae_wu_jian_glorious_leap,
          hellmonk_ghost_happy_afterlife, uniq_sigmund

Skill      XL: |  1  2  3  4  5  6  7  8 |
---------------+-------------------------+-----
Earth Magic    | 4 5 6 8 10 | 10.0
Spellcasting   | 3 4 5 |  5.8
Shields        | 1 4 |  4.0
Dodging        | |  1.5
Stealth        | |  2.1
Transmutations | |  0.7

Action                   |  1- 3 |  4- 6 |  7- 9 || total
-------------------------+-------+-------+-------++-------
Melee: Unarmed           |    50 |       |       ||    50
       Short sword       |    94 |    18 |     7 ||   119
       Dagger            |       |       |    26 ||    26
 Cast: Sandblast         |    17 |    54 |    46 ||   117
       Stone Arrow       |       |       |     3 ||     3
  Use: Scroll            |       |       |     4 ||     4
 Stab: Sleeping          |     5 |     1 |     1 ||     7
Armor: Robe              |    57 |    10 |    24 ||    91
Dodge: Dodged            |   103 |    15 |    33 ||   151
Block: Buckler           |       |     2 |    18 ||    20
